 Dungeon Crawl Stone Soup version 0.27-a0-1137-g3ef0f4ec91 (webtiles) character file.

Game seed: 9342458872556579212

63 jasper the Charlatan (level 3, -7/27 HPs)
             Began as a Demonspawn Artificer on May 6, 2021.
             Was an Initiate of Ashenzari.
             Mangled by a worm (8 damage)
             ... on level 3 of the Dungeon.
             The game lasted 00:02:45 (1843 turns).

jasper the Charlatan (Demonspawn Artificer)         Turns: 1843, Time: 00:02:45

Health: -7/27      AC:  7    Str: 12    XL:     3   Next: 89%
Magic:  3/3        EV: 10    Int: 19    God:    Ashenzari [......]
Gold:   78         SH:  0    Dex: 13    Spells: 2/2 levels left

rFire    . . .     SeeInvis .     - Unarmed
rCold    . . .     Faith    .   (no shield)
rNeg     . . .     Spirit   .   f - +0 ring mail
rPois    .         Reflect  .   (no helmet)
rElec    .         Harm     .   (no cloak)
rCorr    .         Rampage  .   (no gloves)
Will     .....                  (no boots)
Stlth    +.........             (no amulet)
HPRegen  0.09/turn              k - ring "Eternal Sorrow" {Int+6, Melee, Fort} (curse)
MPRegen  0.08/turn              (no ring)

@: no status effects
A: yellow scales 1, demonic magic 1
a: Renounce Religion, Curse Item, Shatter the Chains


You were on level 3 of the Dungeon.
You worshipped Ashenzari.
Ashenzari was noncommittal.
You visited 1 branch of the dungeon, and saw 3 of its levels.

You collected 78 gold pieces.

Inventory:

Hand Weapons
 a - a +0 club
Missiles
 n - 6 stones (quivered)
Armour
 b - a +0 leather armour
 f - a +0 ring mail (worn)
Jewellery
 k - the cursed ring "Eternal Sorrow" (left hand) {Int+6, Melee, Fort}
   (You found it on level 1 of the Dungeon)

   [ring of intelligence]

   It affects your intelligence (+6).
   It has a curse which improves the following skills: Melee Combat: Short
   Blades, Long Blades, Axes, Maces & Flails, Polearms, Staves and Unarmed
   Combat.
   Fortitude: Armour and Shields.
Wands
 c - a wand of digging (3)
 d - a wand of charming (15)
Scrolls
 g - a scroll of fear
 j - a scroll of identify
 m - a scroll of immolation
 o - a scroll of summoning
 p - a scroll of teleportation
Potions
 h - 3 potions of curing
 i - a potion of brilliance
 l - a potion of flight
Miscellaneous
 e - a piece from Xom's chessboard (15/15)


   Skills:
 + Level 2.2 Fighting
 - Level 1.7(2.1) Armour
 + Level 2.0 Dodging
 - Level 0.8 Stealth
 + Level 1.6(2.1) Unarmed Combat
 - Level 3.0 Evocations


You had 2 spell levels left.
You didn't know any spells.
Your spell library contained the following spells:

 Spells                   Type           Power      Damage    Failure   Level
 Freeze                   Ice            0%         1d3       41%         1
 Frozen Ramparts          Ice            0%         1d2       80%         3
 Ozocubu's Armour         Ice            0%         N/A       80%         3
 Hailstorm                Conj/Ice       0%         3d3       99%         4
 Metabolic Englaciation   Hex/Ice        0%         N/A       100%        5


Dungeon Overview and Level Annotations

Branches:
Dungeon (3/15)

Altars:
Ashenzari

Annotations:
D:2 exclusion: adder


Innate Abilities, Weirdness & Mutations

You are partially covered in yellow scales. (AC +2)
Spells you cast may paralyse adjacent enemies.


Message History

The worm is lightly wounded.
The worm closely misses you.
You hit the worm.
The worm is lightly wounded.
You hit the worm but do no damage.
The worm is lightly wounded.
The worm bites you!
You take 7 damage, and have 16/27 hp.
MASSIVE DAMAGE!!
You hit the worm.
The worm is moderately wounded.
You hit the worm but do no damage.
The worm is moderately wounded.
The worm bites you!
* * * LOW HITPOINT WARNING * * *
You take 9 damage, and have 7/27 hp.
MASSIVE DAMAGE!!
You hit the worm.
The worm is moderately wounded.
The worm bites you but does no damage.
You hit the worm.
The worm is moderately wounded.
Okay, then.
You barely miss the worm.
The worm is moderately wounded.
The worm bites you but does no damage.
You hit the worm.
The worm is heavily wounded.
You barely miss the worm.
The worm is heavily wounded.
The worm bites you but does no damage.
You hit the worm.
The worm is heavily wounded.
The worm bites you.
* * * LOW HITPOINT WARNING * * *
You take 6 damage, and have 1/27 hp.
MASSIVE DAMAGE!!
You hit the worm.
The worm is severely wounded.
You hit the worm but do no damage.
The worm is severely wounded.
The worm bites you!
You die...

#.# # #..# .. #
#..# #.##.### #..#
#.# ..## #.(# #.#
#.## #.(# #.###.##
#(.########.......
#w.#............##
#@.+.............#
#.##...........#.#
#..............#..
####...........##.
#...........# .
#...........# .
#...........#
#############


You could see a worm.

Vanquished Creatures
  Jessica (D:2)
  An adder (D:2)
  A worm (D:2)
  4 ball pythons
  4 endoplasms (D:1)
  A giant cockroach (D:1)
  5 hobgoblins
  A frilled lizard (D:2)
  A goblin (D:1)
  3 kobolds
  4 rats
26 creatures vanquished.

Notes
Turn   | Place    | Note
-------+----------+-------------------------------------------
     0 | D:1      | jasper the Demonspawn Artificer began the quest for the
                  | Orb.
     0 | D:1      | Reached XP level 1. HP: 15/15 MP: 1/1
    84 | D:1      | Reached skill level 1 in Dodging
   320 | D:1      | Found a faded altar of an unknown god.
   327 | D:1      | Gained mutation: You are partially covered in yellow
                  | scales. (AC +2) [demonic ancestry]
   327 | D:1      | Reached XP level 2. HP: 6/21 MP: 2/2
   537 | D:1      | Became a worshipper of Ashenzari the Shackled
   920 | D:2      | Reached skill level 1 in Unarmed Combat
  1284 | D:2      | Noticed Jessica
  1287 | D:2      | Gained mutation: Spells you cast may paralyse adjacent
                  | enemies. [demonic ancestry]
  1287 | D:2      | Reached XP level 3. HP: 27/27 MP: 3/3
  1298 | D:2      | Killed Jessica
  1841 | D:3      | HP: 1/27 [worm (6)]
  1843 | D:3      | Mangled by a worm

Illustrated notes

Levels and vault maps discovered:
D:1:      dpeg_arrival_more_subterranean_lakeside_camping, layout_loops_ring,
          chequers_ecumenical_altar_twisty
D:2:      layout_basic, uniq_jessica
D:3:      layout_basic, gammafunk_temple_overflow_wave, serial_shops,
          nicolae_shop_waterfront

Skill      XL: |  1  2  3 |
---------------+----------+-----
Dodging        | 1 2 |  2.0
Unarmed Combat | 1 |  1.6
Fighting       | 2 |  2.2
Armour         | |  1.7
Stealth        | |  0.8
Evocations     | |  3.0

Action                   || total
-------------------------++-------
Melee: Club              ||    24
       Unarmed           ||    75
Throw: Stone             ||     7
Invok: Curse Item        ||     1
Evoke: Wand              ||    15
Armor: Ring mail         ||    33
Dodge: Dodged            ||    34

Table legend: (Time is in decaauts)
 A = Elapsed time spent in this place.
 B = Non-inter-level travel time spent in this place.
 C = Inter-level travel time spent in this place.
 D = Time resting spent in this place.
 E = Time spent auto-exploring this place.
 F = Levels seen in this place.
 G = Mean time per level.
                   A        B        C        D        E       F      G
               +--------+--------+--------+--------+--------+-----+--------+
         Total |   1848 |   1773 |     75 |    209 |   1315 |   3 |  616.0 |
       Dungeon |   1848 |   1773 |     75 |    209 |   1315 |   3 |  616.0 |
               +--------+--------+--------+--------+--------+-----+--------+

Top non-repeatable levels by time:
     D:1: 899 daAuts
     D:2: 857 daAuts
     D:3: 91 daAuts
